Map: Acid Plant LE

Players

straydogsit - Winner!

  • Race: Zerg Zerg
  • League: Silver
  • Spawn Location: 5:00

Locus

  • Race: Terran Terran
  • Spawn Location: 11:00

VOD

Have the link to the VOD?

Description

Time

  • Played on: April 26, 2018, 6:58 p.m.
  • Length: 12:04
Show
View Real Time Build Order
Export as new Build Order

straydogsit Zerg - Winner!

Build Orders: Pool First 

Get SALT Encoding   

  12  0:01  Drone  
  13  0:09  Extractor  
  13  0:11  Drone  
  13  0:16  Drone  
  14  0:36  Spawning Pool  
  14  0:38  Drone  
  14  0:48  Overlord  
  14  0:57  Overlord  
  14  1:22  Zergling x6  
  14  1:25  Metabolic Boost  
  17  1:35  Drone  
  17  1:37  Queen  
  20  1:48  Drone  
  21  2:08  Hatchery  
  21  2:13  Drone  
  21  2:40  Drone  
  21  2:41  Drone x2  
  24  2:47  Roach Warren  
  23  3:00  Drone  
  24  3:20  Lair  
  24  3:24  Evolution Chamber  
  24  3:27  Evolution Chamber  
  22  3:28  Extractor, Drone x3  
  22  3:29  Roach  
  26  3:38  Drone  
  26  3:39  Drone  
  26  3:41  Roach x2  
  32  3:45  Drone  
  33  3:50  Roach  
  35  3:57  Drone  
  36  4:02  Overlord  
  36  4:11  Overlord  
  36  4:16  Overlord  
  36  4:29  Roach, Overlord  
  36  4:31  Roach  
  40  4:38  Queen  
  42  4:42  Drone  
  42  4:44  Drone  
  44  4:47  Drone  
  44  4:49  Drone  
  46  4:56  Zerg Missile Weapons Level 1  
  46  5:06  Zerg Ground Armor Level 1  
  46  5:19  Drone  
  46  5:20  Drone x2  
  49  5:24  Roach  
  49  5:25  Roach x2  
  49  5:28  Overlord  
  55  6:03  Roach x2  
  59  6:04  Roach  
  59  6:05  Roach x2  
  65  6:17  Drone  
  66  6:18  Hydralisk Den  
  66  6:19  Overlord x2  
  66  6:21  Overlord  
  66  6:22  Overlord  
  66  6:24  Roach  
  66  6:25  Roach x2  
  71  7:01  Zerg Missile Weapons Level 2  
  71  7:02  Zerg Ground Armor Level 2  
  71  7:07  Grooved Spines  
  71  7:12  Hydralisk  
  73  7:18  Extractor x2, Drone x8  
  79  7:29  Hydralisk  
  81  7:57  Hydralisk x3  
  87  8:02  Hydralisk x2  
  91  8:21  Hatchery  
  90  8:46  Drone x6  
  96  8:49  Overlord x2  
  96  8:50  Overlord  
  96  9:13  Extractor  
  96  9:14  Hydralisk x2  
  96  9:15  Hydralisk x11  
  121  9:17  Extractor  
  120  9:30  Glial Reconstitution  
  120  9:33  Muscular Augments  
  120  9:45  Queen  
  121  10:21  Hydralisk  
  121  10:22  Hydralisk x7  
  137  10:28  Drone  
Show
View Real Time Build Order
Export as new Build Order

Locus Terran 

Build Orders:  

Get SALT Encoding   

  12  0:02  SCV  
  13  0:14  SCV  
  14  0:25  Supply Depot  
  14  0:27  SCV  
  15  0:46  SCV  
  16  0:50  Barracks  
  16  0:58  SCV  
  17  1:10  SCV  
  18  1:16  Refinery  
  18  1:23  SCV  
  19  1:26  Supply Depot  
  19  1:35  SCV  
  20  1:53  Supply Depot  
  20  2:11  Marine  
  21  2:19  Orbital Command  
  21  2:29  Marine  
  22  2:47  Marine  
  23  3:03  Factory  
  23  3:30  Command Center, SCV  
  24  3:42  Marine, SCV  
  26  3:59  Engineering Bay  
  26  4:00  Marine  
  26  4:01  SCV  
  28  4:10  Factory Reactor  
  28  4:13  SCV  
  29  4:18  Marine  
  30  4:24  Terran Infantry Weapons Level 1  
  30  4:29  SCV  
  31  4:40  Starport  
  31  4:41  SCV  
  32  4:54  SCV  
  33  5:06  SCV  
  34  5:22  Orbital Command  
  34  5:23  SCV  
  34  5:26  Bunker  
  35  5:35  SCV  
  36  5:42  Refinery  
  36  6:00  Barracks  
  36  6:08  Supply Depot  
  36  6:12  Barracks  
  36  6:14  Hellion  
  38  6:20  Medivac  
  38  6:21  Medivac  
  42  6:35  Hellion  
  42  6:37  Marine  
  45  6:48  Marine  
  45  6:53  Terran Infantry Armor Level 1  
  46  6:55  Marine  
  46  6:56  SCV x2  
  49  7:06  Marine  
  50  7:08  SCV x2  
  50  7:13  Marine  
  53  7:18  Marine  
  53  7:20  SCV x2  
  56  7:24  Marine  
  56  7:27  Barracks  
  57  7:30  Marine  
  57  7:32  SCV  
  57  7:34  SCV  
  60  7:45  SCV  
  60  7:46  SCV  
  60  7:48  Barracks Reactor  
  60  7:49  Barracks Tech Lab  
  62  8:02  Supply Depot  
  62  8:16  SCV x2  
  62  8:17  Marine  
  61  8:28  SCV x2  
  61  8:32  Refinery  
  63  8:34  Supply Depot  
  63  8:35  Marine  
  63  8:37  Widow Mine  
  63  8:40  SCV  
  67  8:42  Marine x3  
  70  8:50  Stimpack  
  70  8:56  Marine  
  70  8:58  Widow Mine, SCV x2  
  70  9:00  Marine x3  
  78  9:06  Supply Depot  
  78  9:27  Marine x2, SCV x2  
  82  9:31  Marine x2  
  84  9:39  SCV  
  84  9:40  SCV, Barracks  
  86  9:52  Factory Tech Lab  
  86  9:53  Barracks  
  86  10:08  Marine x2  
  86  10:53  Command Center  
  86  10:56  Supply Depot  
  86  11:17  Marine x4  
  86  11:18  Medivac x2  
  94  11:20  Supply Depot  
  94  11:28  Marine  
  94  11:30  SCV  
  94  11:32  Marine  
  94  11:33  SCV  
  94  11:35  Marine x4  
  82  11:43  Supply Depot  
  82  11:45  Marine, SCV  
Tags
 
League
Silver
Matchup
TvZ
Opening
Pool First
Spawn Locations
Cross Positions
Add a new tag
Caveats
  • Supply blocks, unpowered buildings, or Contaminate may cause inaccurate times.
  • Supply counts are checked every 10 seconds.